 Dungeon Crawl Stone Soup version 0.27.1-33-g824d729ab1 (webtiles) character file.

Game seed: 15006483489626701223

8 comborobin the Sneak (level 1, 0/18 HPs)
             Began as a Demigod Delver on Dec 28, 2021.
             Succumbed to an adder's poison
             ... on level 3 of the Dungeon.
             The game lasted 00:00:43 (435 turns).

comborobin the Sneak (Demigod Delver)                Turns: 435, Time: 00:00:44

Health: 0/18       AC:  3    Str: 13    XL:     1   Next: 80%
Magic:  3/3        EV: 11    Int: 12    God:
Gold:   8          SH:  0    Dex: 15    Spells: 0/0 levels left

rFire    + . .     SeeInvis .     - Unarmed
rCold    . . .     Faith    .   (no shield)
rNeg     . . .     Spirit   .   a - +0 leather armour
rPois    .         Reflect  .   (no helmet)
rElec    .         Harm     .   (no cloak)
rCorr    .         Rampage  .   (no gloves)
Will     .....                  (no boots)
Stlth    +++.......             (no amulet)
HPRegen  0.06/turn              g - ring of protection from fire
MPRegen  0.08/turn              (no ring)

@: lethally poisoned (0 -> -4), hasted, very quick
A: high mp 1, forlorn
a: no special abilities


You were on level 3 of the Dungeon.
You visited 1 branch of the dungeon, and saw 3 of its levels.

You collected 8 gold pieces.

Inventory:

Armour
 a - a +0 leather armour (worn)
Jewellery
 g - a ring of protection from fire (left hand)
Wands
 f - a wand of digging (3)
Scrolls
 b - a scroll of fog
 c - a scroll of magic mapping
 d - a scroll of fear


   Skills:
 - Level 2.6 Fighting
 - Level 1.7 Dodging
 - Level 4.5 Stealth
 + Level 2.5 Unarmed Combat


You couldn't memorise any spells.
You didn't know any spells.
Your spell library was empty.

Dungeon Overview and Level Annotations

Branches:
Dungeon (5/15)
 Temple: D:4-7

Annotations:
D:4 Menkaure


Innate Abilities, Weirdness & Mutations

Your attributes grow dramatically as you level up.
You have an increased reservoir of magic. (+10% MP)
You shall have no god before yourself.


Message History

An endoplasm is nearby!
The endoplasm quivers.
An endoplasm is nearby!
An endoplasm is nearby!
You hit the endoplasm.
The endoplasm is moderately wounded.
The endoplasm hits you.
You hit the endoplasm.
You kill the endoplasm!
An adder and a worm come into view.
The helpless adder fails to defend itself.
You punch the adder!
The adder is severely wounded.
The adder bites you.
There are monsters nearby!
You miss the adder.
The adder is severely wounded.
The adder misses you. The worm bites you!
Ouch! That really hurt!
The adder closely misses you.
You are too injured to fight recklessly!
There are monsters nearby!
You are too injured to fight recklessly!
There are monsters nearby!
You are too injured to fight recklessly!
Okay, then.
Okay, then.
You feel yourself speed up.
The adder bites you but does no damage. x2
The adder bites you.
* * * LOW HITPOINT WARNING * * *
You are lethally poisoned!
The adder poisons you!
You closely miss the adder.
The adder is severely wounded.
* * * LOW HITPOINT WARNING * * *
You feel sick. The adder closely misses you.
Unknown command.
You hit the adder.
You kill the adder!
You die...

#.# #.# #.# #.# #.# #.#
#.#############.# ####
#####...............#
.....
#..#.........##....#.
#..##.......##..##..##.#.
#.....##...##..##.)##..#.
#...##@.##..##..##.....
#....#.w..##...†..##......
##########################


You could see a worm.

Vanquished Creatures
  An adder (D:3)
  An endoplasm (D:3)
  A giant cockroach (D:3)
  A goblin (D:3)
  A hobgoblin (D:3)
  A quokka (D:4)
  A ball python (D:3)
  A frilled lizard (D:3)
8 creatures vanquished.

Notes
Turn   | Place    | Note
-------+----------+-------------------------------------------
     0 | D:5      | comborobin the Demigod Delver began the quest for the Orb.
     0 | D:5      | Reached XP level 1. HP: 18/18 MP: 3/3
     9 | D:5      | Noticed a sky beast
   151 | D:4      | Noticed Menkaure
   435 | D:3      | Succumbed to an adder's poison

Illustrated notes

Levels and vault maps discovered:
D:3:      minmay_thinvault, layout_basic, chequers_ecumenical_altar_simple
D:4:      layout_cave_pods, minmay_temple_entry_overgrown,
          kennysheep_flooded_box, uniq_menkaure
D:5:      layout_cave_pools, serial_column_ruins, column_ruins_square_small,
          column_ruins_grid_1, column_ruins_columns_corner, column_ruins_grid_1,
          column_ruins_open_tiny, column_ruins_open_small, minivault_14,
          serial_park_tiny_pond, sigmund_army, uniq_crazy_yiuf_cottage,
          uniq_eustachio

Skill      XL: |  1 |
---------------+----+-----
Unarmed Combat | 2 |  2.5
Fighting       | |  2.6
Dodging        | |  1.7
Stealth        | |  4.5

Action                   || total
-------------------------++-------
Melee: Unarmed           ||    31
       Punch             ||     1
  Use: Potion            ||     1
 Stab: Sleeping          ||     2
Armor: Leather armour    ||     4
Dodge: Dodged            ||    17
